 Dungeon Crawl Stone Soup version 0.31-a0-174-g85c54bcb58 (webtiles) character file.

Game seed: 14134949079179914740

6937 qw the Cleaver (level 11, -6/69 HPs)
             Began as a Gargoyle Fighter on June 15, 2023.
             Was an Elder of Okawaru.
             Mangled by a cane toad (12 damage)
             ... on level 1 of the Lair of Beasts.
             The game lasted 00:04:12 (7487 turns).

qw the Cleaver (Gargoyle Fighter)                   Turns: 7487, Time: 00:04:13

Health: -6/69      AC: 30    Str: 25    XL:     11   Next: 7%
Magic:  12/14      EV: 10    Int:  8    God:    Okawaru [****..]
Gold:   374        SH:  7    Dex: 15    Spells: 10/10 levels left

rFire   . . .        Y - +2 war axe (venom)
rCold   . . .        c - +0 buckler
rNeg    + . .        v - +0 plate armour
rPois   inf          h - +0 helmet
rElec   +            f - +0 cloak
rCorr   .            u - +0 pair of gloves
SInv    .            s - +0 pair of boots
Will    .....        j - amulet of the Air {Inacc Air Fly rElec RMsl} Stlth
                     p - +6 ring of dexterity
HPRegen 0.31/turn    (no ring)
MPRegen 0.14/turn

%: repel missiles
@: about to teleport, heroic, flying
A: sickness immunity, AC +8, negative energy resistance 1, electricity
resistance, torment resistance 1, petrification resistance
a: Renounce Religion, Heroism, Finesse


You were on level 1 of the Lair of Beasts.
You worshipped Okawaru.
Okawaru was greatly pleased with you.
You visited 2 branches of the dungeon, and saw 9 of its levels.
You also visited: Sewer.

You collected 484 gold pieces.
You spent 110 gold pieces at shops.


Innate Abilities, Weirdness & Mutations

You are immune to sickness and miasma.
Your stone body is resilient. (AC +8)
You are immune to poison.
You resist negative energy. (rN+)
You are resistant to electric shocks. (rElec)
You are resistant to unholy torment.
You are immune to petrification.


   Skills:
 + Level 8.5(13.5) Fighting
 - Level 11.1(16.1) Axes
 - Level 8.0(13.0) Armour
 - Level 2.2(7.2) Dodging
 - Level 5.4(10.4) Shields
 + Level 4.0 Invocations


You had 10 spell levels left.
You didn't know any spells.
Your spell library was empty.

Inventory:

Hand Weapons
 k - a +0 morningstar
 Y - a +2 war axe of venom (weapon)
Armour
 c - a +0 buckler (worn)
 f - a +0 cloak (worn)
 h - a +0 helmet (worn)
 s - a +0 pair of boots (worn)
 u - a +0 pair of gloves (worn)
 v - a +0 plate armour (worn)
Jewellery
 j - the amulet of the Air (around neck) {Inacc Air Fly rElec RMsl}
   (You found it on level 2 of the Dungeon)

   [amulet of nothing]

   Inacc:     It reduces the accuracy of your attacks and spells.
   Air:       It enhances your air magic.
   rElec:     It insulates you from electricity.
   Fly:       It grants you flight.
   RMsl:      It protects you from missiles.
 p - a +6 ring of dexterity (left hand)
Scrolls
 l - 3 scrolls of teleportation
 n - 3 scrolls of identify
Potions
 a - 2 potions of magic
 b - 2 potions of attraction
 d - a potion of might
 e - 3 potions of curing
 g - a potion of mutation
 i - a potion of cancellation
 q - 4 potions of haste
 r - a potion of lignification

Dungeon Overview and Level Annotations

Branches:
Dungeon (8/15)             Temple (0/1) D:7            Lair (1/5) D:8
  Sewer (visited)

Altars:
Cheibriados
Fedhas
Gozag
Makhleb
Okawaru
Vehumet
Wu Jian
The Shining One

Shops:
D:1 (=*   D:2 *

Annotations:
Lair:1 Sonja


Message History

You closely miss the yak.
The yak is lightly wounded.
You slash the komodo dragon!
The komodo dragon is poisoned.
You hit the cane toad. You block the yak's attack.
The cane toad stings you but does no damage.
You slash the komodo dragon!
The komodo dragon looks as sick as possible!
The komodo dragon is heavily wounded.
You closely miss the cane toad. You closely miss the yak.
The komodo dragon bites you!!
You slash the komodo dragon!
The komodo dragon looks as sick as possible!
The komodo dragon is severely wounded.
You slash the yak!
The yak looks as sick as possible!
You barely miss the cane toad. The cane toad stings you!
The yak closely misses you.
The komodo dragon completely misses you.
7485 ||| READING 4 scrolls of teleportation.
As you read the scroll of teleportation, it crumbles to dust.
You feel strangely unstable.
You kill the komodo dragon!
Okawaru accepts your kill. The cane toad stings you! The yak misses you.
You block the killer bee's attack.
Your base Axes skill increases to level 11!
You slice the yak!!
You kill the yak!
Okawaru accepts your kill.
You can now speed up your combat.
You hit the cane toad but do no damage. You slash the killer bee!
The killer bee is poisoned.
You kill the killer bee!
Okawaru accepts your kill. The cane toad barely misses you.
Sonja casts a spell.
Sonja blinks!
You barely miss the cane toad.
The cane toad is lightly wounded.
You barely miss the yak. The cane toad stings you!
You die...

# #. #.. ####
?#...#..#######
.....¤FY<.....#
7##..##@####.##
#. ###


You could see a yak and a cane toad.

Vanquished Creatures
  Erica (D:8)
  An elephant (D:8)
  Maggie (D:8)
  Psyche (D:8)
  A komodo dragon (Lair:1)
  13 yaks
  A basilisk (D:8)
  2 steam dragons
  5 water moccasins
  2 orc warriors (D:7)
  6 black bears
  An ogre (D:4)
  4 kobold brigands
  A bullfrog (D:6)
  2 scorpions
  3 wights (D:8)
  2 killer bees (Lair:1)
  3 howler monkeys
  A jelly (D:8)
  2 hounds (D:5)
  5 orc priests
  4 iguanas
  8 orc wizards
  Robin (D:3)
  A gnoll (D:8)
  8 adders
  A river rat (Sewer)
  A shadow imp (D:8)
  3 white imps
  5 ufetubi
  2 worms
  4 dart slugs
  26 orcs
  3 endoplasms
  5 giant cockroaches
  19 goblins
  7 hobgoblins
  5 jackals
  30 kobolds
  4 quokkas
  5 ball pythons
  2 bats
  2 frilled lizards (D:1)
  12 rats
216 creatures vanquished.

Vanquished Creatures (others)
  A yak (D:7)
1 creature vanquished.

Grand Total: 217 creatures vanquished

Notes
Turn   | Place    | Note
-------+----------+-------------------------------------------
     0 | D:1      | qw the Gargoyle Fighter began the quest for the Orb.
     0 | D:1      | Reached XP level 1. HP: 14/14 MP: 1/1
     0 | D:1      | 0 ||| qw: Version: 0.2-a-29-g511e9b1
     0 | D:1      | 0 ||| qw: Game counter: 5416
     0 | D:1      | 0 ||| qw: Always use a shield: true
     0 | D:1      | 0 ||| qw: God list: Okawaru
     0 | D:1      | 0 ||| qw: Allow faded altars: false
     0 | D:1      | 0 ||| qw: Do Orc after D:15 true
     0 | D:1      | 0 ||| qw: Do second Lair branch before Depths: true
     0 | D:1      | 0 ||| qw: Lair rune preference: random
     0 | D:1      | 0 ||| qw: Plans: Normal, Zot:1-4, Slime:5, God:TSO, Crypt,
                  | Tomb, Abyss, Pan, Hells, Win
     0 | D:1      | 0 ||| PLANNING D:1-11
    40 | D:1      | Found Geomus's Antique Weapon Emporium.
    53 | D:1      | 53 ||| SHOPLISTING glowing flail (175 gold, have 13).
    53 | D:1      | 53 ||| SHOPLISTING glowing mace (162 gold, have 13).
    53 | D:1      | 53 ||| SHOPLISTING mace (81 gold, have 13).
    53 | D:1      | 53 ||| SHOPLISTING whip (67 gold, have 13).
    87 | D:1      | Found Tialubbu's Assorted Antiques.
   100 | D:1      | 100 ||| SHOPLISTING jewelled glass wand (124 gold, have
                  | 13).
   100 | D:1      | 100 ||| SHOPLISTING scroll labelled ASYGERH NYETO (31 gold,
                  | have 13).
   100 | D:1      | 100 ||| SHOPLISTING scroll labelled VISOF YLAZA (31 gold,
                  | have 13).
   100 | D:1      | 100 ||| SHOPLISTING scroll labelled WUTRENO AQASCH (31
                  | gold, have 13).
   100 | D:1      | 100 ||| SHOPLISTING scroll labelled YHATEEST OCVO (31 gold,
                  | have 13).
   133 | D:1      | Reached skill level 2 in Axes
   264 | D:1      | Reached XP level 2. HP: 19/19 MP: 2/2
   268 | D:1      | Found Ycaucwi's Jewellery Emporium.
   271 | D:1      | 271 ||| SHOPLISTING amulet of regeneration (330 gold, have
                  | 81).
   271 | D:1      | 271 ||| SHOPLISTING amulet of the acrobat (330 gold, have
                  | 81).
   271 | D:1      | 271 ||| SHOPLISTING ring of Nihilism {rF++ rC+ rCorr Str+3
                  | Stlth-} (660 gold, have 81).
   271 | D:1      | 271 ||| SHOPLISTING ring of fire (275 gold, have 81).
   271 | D:1      | 271 ||| SHOPLISTING ring of protection from cold (275 gold,
                  | have 81).
   271 | D:1      | 271 ||| SHOPLISTING ring of willpower (275 gold, have 81).
   293 | D:1      | 293 ||| Stepping ~*~*~tactically~*~*~ (stealth).
   432 | D:1      | 432 ||| Stepping ~*~*~tactically~*~*~ (stealth).
   607 | D:1      | Reached skill level 3 in Axes
   681 | D:1      | 681 ||| UPGRADING to +0 cloak.
   686 | D:1      | 686 ||| READING scroll labelled ASYGERH NYETO.
   687 | D:1      | 687 ||| DRINKING 3 cyan potions.
   712 | D:2      | Noticed a black bear
   718 | D:2      | Killed a black bear
   719 | D:2      | Reached skill level 4 in Axes
   719 | D:2      | Reached XP level 3. HP: 21/23 MP: 3/3
   719 | D:2      | Reached XP level 4. HP: 26/28 MP: 4/4
   793 | D:2      | 793 ||| Stepping ~*~*~tactically~*~*~ (stealth).
   902 | D:2      | Reached XP level 5. HP: 32/32 MP: 5/5
   945 | D:2      | Found the amulet of the Air {Inacc Air Fly rElec RMsl}
  1103 | D:2      | Found Beepahea's General Store.
  1117 | D:2      | 1117 ||| DROPPING +0 club.
  1122 | D:2      | 1122 ||| BUYING potion of mutation (88 gold).
  1122 | D:2      | Bought a potion of mutation for 88 gold pieces
  1122 | D:2      | 1122 ||| BUYING scroll of identify (22 gold).
  1122 | D:2      | Bought a scroll of identify for 22 gold pieces
  1266 | D:2      | Found a faded altar of an unknown god.
  1485 | D:2      | 1485 ||| UPGRADING to +0 chain mail.
  1495 | D:2      | 1495 ||| DROPPING +0 scale mail.
  1496 | D:2      | 1496 ||| UPGRADING to amulet of the Air {Inacc Air Fly
                  | rElec RMsl}.
  1501 | D:2      | 1501 ||| UPGRADING to +6 ring of dexterity.
  1502 | D:2      | 1502 ||| READING scroll labelled JIOWUOL UXTEH.
  1503 | D:2      | 1503 ||| READING scroll labelled GOUWON TIFYU.
  1504 | D:2      | 1504 ||| READING 2 scrolls labelled IHI SAGAMAIJ.
  1505 | D:2      | 1505 ||| DRINKING 2 black potions.
  1506 | D:2      | 1506 ||| DROPPING scroll of amnesia.
  1507 | D:2      | 1507 ||| DROPPING potion of invisibility.
  1522 | D:3      | 1522 ||| STAIRDANCE
  1549 | D:3      | Noticed Robin
  1564 | D:3      | Killed Robin
  1565 | D:3      | Reached skill level 1 in Dodging
  1566 | D:3      | 1566 ||| FLEEEEING.
  1567 | D:3      | 1567 ||| FLEEEEING.
  1570 | D:3      | 1570 ||| STAIRDANCE
  1678 | D:3      | 1678 ||| Stepping ~*~*~tactically~*~*~ (stealth).
  1680 | D:3      | 1680 ||| Stepping ~*~*~tactically~*~*~ (stealth).
  1876 | D:3      | 1876 ||| Stepping ~*~*~tactically~*~*~ (stealth).
  1877 | D:3      | 1877 ||| Stepping ~*~*~tactically~*~*~ (stealth).
  1878 | D:3      | 1878 ||| Stepping ~*~*~tactically~*~*~ (stealth).
  1898 | D:3      | 1898 ||| Stepping ~*~*~tactically~*~*~ (stealth).
  1931 | D:3      | 1931 ||| UPGRADING to +0 helmet.
  2052 | D:3      | Identified the staff of death "Xiel" {rElec rC- rN+ rCorr}
  2071 | D:3      | 2071 ||| Stepping ~*~*~tactically~*~*~ (stealth).
  2135 | D:3      | Found a burning altar of Makhleb.
  2138 | D:3      | 2138 ||| Stepping ~*~*~tactically~*~*~ (hiding).
  2139 | D:3      | 2139 ||| Stepping ~*~*~tactically~*~*~ (hiding).
  2142 | D:3      | 2142 ||| Stepping ~*~*~tactically~*~*~ (stealth).
  2148 | D:3      | Reached skill level 5 in Axes
  2185 | D:3      | 2185 ||| READING scroll labelled UDGHOU TIRA.
  2186 | D:3      | 2186 ||| READING scroll labelled WUTRENO AQASCH.
  2187 | D:3      | 2187 ||| READING scroll labelled VISOF YLAZA.
  2192 | D:3      | 2192 ||| READING 3 scrolls of identify.
  2192 | D:3      | 2192 ||| IDENTIFYING sedimented emerald potion
  2193 | D:3      | 2193 ||| READING 2 scrolls of identify.
  2193 | D:3      | 2193 ||| IDENTIFYING ruby potion
  2218 | D:4      | Noticed a black bear
  2224 | D:4      | 2224 ||| STAIRDANCE
  2226 | D:3      | Killed a black bear
  2227 | D:3      | Reached XP level 6. HP: 17/39 MP: 6/6
  2433 | D:4      | 2433 ||| Stepping ~*~*~tactically~*~*~ (stealth).
  2702 | D:4      | Reached skill level 6 in Axes
  2702 | D:4      | Reached XP level 7. HP: 36/44 MP: 7/7
  3123 | D:4      | 3123 ||| UPGRADING to +0 pair of boots.
  3128 | D:4      | 3128 ||| READING 3 scrolls of identify.
  3128 | D:4      | 3128 ||| IDENTIFYING metallic ruby potion
  3129 | D:4      | 3129 ||| READING 2 scrolls of identify.
  3129 | D:4      | 3129 ||| IDENTIFYING coppery potion
  3130 | D:4      | 3130 ||| DROPPING potion of degeneration.
  3157 | D:5      | Entered Level 5 of the Dungeon
  3158 | D:5      | 3158 ||| PLANNING SEWER
  3236 | D:5      | Found an iron altar of Okawaru.
  3244 | D:5      | 3244 ||| DROPPING +0 whip.
  3465 | D:5      | Found a glowing golden altar of the Shining One.
  3509 | D:5      | 3509 ||| Stepping ~*~*~tactically~*~*~ (hiding).
  3512 | D:5      | 3512 ||| Stepping ~*~*~tactically~*~*~ (hiding).
  3513 | D:5      | 3513 ||| Stepping ~*~*~tactically~*~*~ (hiding).
  3611 | D:5      | Found a glowing drain.
  3648 | D:5      | 3648 ||| READING scroll labelled OPUIFON JOME.
  3649 | D:5      | 3649 ||| READING 2 scrolls of identify.
  3649 | D:5      | 3649 ||| IDENTIFYING orange potion
  3665 | Sewer    | Entered a sewer
  3753 | Sewer    | Reached skill level 7 in Axes
  3826 | Sewer    | Found a white marble altar of Elyvilon.
  3831 | Sewer    | 3831 ||| DROPPING potion of enlightenment.
  3861 | D:5      | 3861 ||| PLANNING OKAWARU WORSHIP
  3893 | D:5      | Became a worshipper of Warmaster Okawaru
  3894 | D:5      | 3894 ||| PLANNING D:1-11
  3989 | D:5      | Reached XP level 8. HP: 48/49 MP: 8/8
  4273 | D:6      | 4273 ||| Stepping ~*~*~tactically~*~*~ (stealth).
  4309 | D:6      | HP: 10/49 [water moccasin (6)]
  4310 | D:6      | 4310 ||| READING 4 scrolls of teleportation.
  4311 | D:6      | 4311 ||| DRINKING 2 potions of heal wounds.
  4314 | D:6      | 4314 ||| DRINKING potion of heal wounds.
  4514 | D:6      | 4514 ||| DROPPING +0 mace.
  4530 | D:6      | Found a blossoming altar of Fedhas.
  4551 | D:6      | Reached * piety under Okawaru
  4552 | D:6      | Reached skill level 8 in Axes
  4552 | D:6      | 4552 ||| INVOKING Heroism.
  4558 | D:6      | Reached skill level 1 in Invocations
  4637 | D:6      | 4637 ||| Stepping ~*~*~tactically~*~*~ (stealth).
  4921 | D:6      | 4921 ||| Stepping ~*~*~tactically~*~*~ (hiding).
  4929 | D:6      | 4929 ||| INVOKING Heroism.
  4938 | D:6      | Reached skill level 6 in Fighting
  5020 | D:6      | 5020 ||| READING 2 scrolls labelled TASTRA PIYPLAE.
  5121 | D:6      | 5121 ||| READING scroll labelled QOSKOTUE DIJUE.
  5122 | D:6      | 5122 ||| READING 2 scrolls of identify.
  5122 | D:6      | 5122 ||| IDENTIFYING smoky pink potion
  5123 | D:6      | 5123 ||| DROPPING scroll of silence.
  5144 | D:7      | Reached skill level 3 in Invocations
  5157 | D:7      | 5157 ||| Stepping ~*~*~tactically~*~*~ (stealth).
  5158 | D:7      | 5158 ||| Stepping ~*~*~tactically~*~*~ (stealth).
  5173 | D:7      | 5173 ||| FLEEEEING.
  5180 | D:7      | 5180 ||| INVOKING Heroism.
  5191 | D:7      | Reached XP level 9. HP: 19/55 MP: 9/12
  5326 | D:7      | 5326 ||| Stepping ~*~*~tactically~*~*~ (hiding).
  5328 | D:7      | 5328 ||| INVOKING Heroism.
  5386 | D:7      | 5386 ||| DROPPING +0 heavy mace.
  5438 | D:7      | 5438 ||| INVOKING Heroism.
  5504 | D:7      | 5504 ||| Stepping ~*~*~tactically~*~*~ (hiding).
  5509 | D:7      | 5509 ||| INVOKING Heroism.
  5526 | D:7      | Reached skill level 9 in Axes
  5536 | D:7      | 5536 ||| INVOKING Heroism.
  5652 | D:7      | Found a staircase to the Ecumenical Temple.
  5942 | D:7      | 5942 ||| Stepping ~*~*~tactically~*~*~ (stealth).
  5945 | D:7      | 5945 ||| Stepping ~*~*~tactically~*~*~ (stealth).
  5955 | D:7      | 5955 ||| INVOKING Heroism.
  5956 | D:7      | 5956 ||| DRINKING 4 potions of curing.
  5956 | D:7      | 5956 ||| (to cure confusion)
  5974 | D:7      | Reached ** piety under Okawaru
  5976 | D:7      | 5976 ||| INVOKING Heroism.
  6189 | D:7      | You are sucked into a shaft and drop 1 floor!
  6259 | D:8      | 6259 ||| Stepping ~*~*~tactically~*~*~ (hiding).
  6297 | D:8      | 6297 ||| INVOKING Heroism.
  6305 | D:8      | Reached XP level 10. HP: 62/63 MP: 10/13
  6356 | D:8      | 6356 ||| UPGRADING to +0 pair of gloves.
  6361 | D:8      | 6361 ||| UPGRADING to +0 plate armour.
  6371 | D:8      | 6371 ||| DROPPING +0 chain mail.
  6372 | D:8      | 6372 ||| READING scroll labelled XUMIFAO YLUGO.
  6373 | D:8      | 6373 ||| READING 4 scrolls of identify.
  6373 | D:8      | 6373 ||| IDENTIFYING fuming yellow potion
  6374 | D:8      | 6374 ||| READING 3 scrolls of identify.
  6374 | D:8      | 6374 ||| IDENTIFYING silvery potion
  6375 | D:8      | 6375 ||| DROPPING potion of brilliance.
  6477 | D:8      | Reached skill level 6 in Armour
  6525 | D:8      | Noticed Erica
  6527 | D:8      | 6527 ||| INVOKING Heroism.
  6528 | D:8      | Noticed Maggie
  6529 | D:8      | 6529 ||| DRINKING 4 potions of curing.
  6529 | D:8      | 6529 ||| (to cure confusion)
  6545 | D:8      | Killed Erica
  6553 | D:8      | 6553 ||| INVOKING Heroism.
  6567 | D:8      | Killed Maggie
  6568 | D:8      | Reached skill level 10 in Axes
  6574 | D:8      | 6574 ||| INVOKING Heroism.
  6675 | D:8      | Found an opulent altar of Gozag.
  6676 | D:8      | Found a snail-covered altar of Cheibriados.
  6722 | D:8      | 6722 ||| Stepping ~*~*~tactically~*~*~ (stealth).
  6770 | D:8      | Found a staircase to the Lair.
  6770 | D:8      | Noticed an elephant
  6771 | D:8      | 6771 ||| Stepping ~*~*~tactically~*~*~ (hiding).
  6778 | D:8      | Reached *** piety under Okawaru
  6791 | D:8      | Killed an elephant
  6844 | D:8      | 6844 ||| READING scroll of enchant weapon.
  6844 | D:8      | 6844 ||| ENCHANTING +1 war axe of venom.
  6993 | D:8      | Noticed Psyche
  6994 | D:8      | 6994 ||| Stepping ~*~*~tactically~*~*~ (hiding).
  6998 | D:8      | 6998 ||| INVOKING Heroism.
  7018 | D:8      | Killed Psyche
  7075 | D:8      | 7075 ||| DROPPING +0 flail.
  7162 | D:8      | Found a radiant altar of Vehumet.
  7240 | D:8      | Found an ornate altar of the Wu Jian Council.
  7413 | D:8      | 7413 ||| PLANNING LAIR
  7465 | Lair:1   | Entered Level 1 of the Lair of Beasts
  7469 | Lair:1   | Noticed Sonja
  7470 | Lair:1   | 7470 ||| INVOKING Heroism.
  7470 | Lair:1   | Noticed a cane toad
  7479 | Lair:1   | Reached XP level 11. HP: 60/68 MP: 11/14
  7484 | Lair:1   | HP: 16/68 [cane toad (8)]
  7485 | Lair:1   | 7485 ||| READING 4 scrolls of teleportation.
  7485 | Lair:1   | HP: 6/68 [cane toad (11)]
  7486 | Lair:1   | Reached skill level 11 in Axes
  7486 | Lair:1   | Reached **** piety under Okawaru
  7487 | Lair:1   | Mangled by a cane toad

Levels and vault maps discovered:
D:1:      lightli_arrival_statue_moat, layout_loops_ring, serial_shops,
          nicolae_shop_pleasant_corner_grove, nicolae_shop_peninsula, shop,
          minmay_rat_gold_closets
D:2:      layout_basic, dreamdust_ecumenical_altar_angels_and_demons,
          serial_shops, shop, chequers_serial_rivers_micro_b, minivault_23,
          chequers_arboretum
D:3:      layout_basic, lemuel_round_altar, serial_glass, glass_columns_c,
          glass_columns_b, minmay_misc_feat_four_crosses, minivault_19,
          minmay_misc_feat_chi, uniq_robin
D:4:      layout_loops_cross, minmay_quadrilaterals
D:5:      layout_cave_pools, okawaru_ov_weapons_minmay,
          mainiacjoe_overflow_boulevard, portal_sewer_entry_f
D:6:      layout_loops_cross, lemuel_doored_altar
D:7:      nicolae_cairo_tiling_very_big, layout_basic, temple_fountains,
          corexii_corridor_pit
D:8:      minmay_evil_eye, layout_loops_ring, kennysheep_little_box,
          lemuel_tele_altar, gammafunk_temple_overflow_statue,
          david_lair_generic, uniq_maggie, uniq_erica, uniq_psyche
Lair:1:   wad_woods_minihive, layout_loops_ring, uniq_nergalle, uniq_grum,
          uniq_sonja

Skill      XL: |  1  2  3  4  5  6  7  8  9 10 11 |
---------------+----------------------------------+-----
Axes           | 2 4 5 6 7 8 9 10 11 | 11.1
Dodging        | 1 2 |  2.2
Fighting       | 4 5 6 7 8 |  8.5
Armour         | 4 5 8 |  8.0
Invocations    | 4 |  4.0
Shields        | 4 5 |  5.4

Action                     |  1- 3 |  4- 6 |  7- 9 | 10-12 || total
---------------------------+-------+-------+-------+-------++-------
  Melee: War axe           |    52 |   173 |   329 |   213 ||   767
 Invoke: Heroism           |       |       |    10 |     5 ||    15
    Use: Scroll            |     1 |     8 |     8 |     5 ||    22
         Potion            |     1 |     1 |     3 |     1 ||     6
   Stab: Invisible         |       |     3 |       |       ||     3
 Armour: Scale mail        |    20 |     6 |       |       ||    26
         Chain mail        |       |    91 |   200 |       ||   291
         Plate armour      |       |       |       |   114 ||   114
  Dodge: Dodged            |    17 |    65 |   158 |    60 ||   300
         Repelled          |       |     1 |     4 |     1 ||     6
  Block: Buckler           |    12 |    38 |    92 |    38 ||   180

Table legend:
 A = Non-vault XP
 B = Vault XP
 C = Vault XP percentage of total XP
 D = Non-vault monster count
 E = Vault monster count
 F = Vault count percentage of total count
                 A         B        C        D         E       F
            +---------+---------+-------+---------+---------+-------
      Total |    6851 |    3059 |  30.9 |     162 |      55 |  25.3
            +---------+---------+-------+---------+---------+-------
        D:1 |      24 |       6 |  20.0 |      16 |       6 |  27.3
        D:2 |     150 |       0 |   0.0 |      11 |       0 |   0.0
        D:3 |     225 |      38 |  14.4 |      22 |      13 |  37.1
        D:4 |     216 |      13 |   5.7 |      15 |       5 |  25.0
        D:5 |     298 |      12 |   3.9 |      20 |       6 |  23.1
        D:6 |     877 |       0 |   0.0 |      18 |       0 |   0.0
        D:7 |    2486 |       0 |   0.0 |      25 |       0 |   0.0
        D:8 |    1803 |    2639 |  59.4 |      32 |      11 |  25.6
     Lair:1 |     772 |     122 |  13.6 |       3 |       2 |  40.0
      Sewer |       0 |     229 | 100.0 |       0 |      12 | 100.0
            +---------+---------+-------+---------+---------+-------
